 Dungeon Crawl Stone Soup version 0.18.1-47-g9310371 (webtiles) character file.

192 Renko1984 the Slasher (level 6, -2/48 HPs)
             Began as a Human Chaos Knight on June 14, 2016.
             Slain by a scorpion (9 damage)
             ... on level 5 of the Dungeon.
             The game lasted 00:07:57 (984 turns).

Renko1984 the Slasher (Human Chaos Knight)           Turns: 984, Time: 00:07:57

Health: -2/48      AC: 10    Str: 14    XL:     6   Next: 2%
Magic:  6/6        EV:  9    Int: 12    God:    Xom [..*...]
Gold:   33         SH:  7    Dex: 13    Spells: 0 memorised, 5 levels left

rFire  + . .     SeeInvis .     a - +0 falchion (chaos)
rCold  + . .     Gourm    .     b - +2 leather armour
rNeg   . . .     Faith    .     j - +0 shield (curse)
rPois  +         Spirit   .     (no helmet)
rElec  +         Dismiss  .     (no cloak)
rCorr  +         Reflect  .     (no gloves)
SustAt .         Harm     .     (no boots)
MR     .....                    (no amulet)
Stlth  +.........               (no ring)
                                d - +5 ring of protection

@: lethally poisoned (-2 -> -18), resistant, not resistant to hostile
enchantments, very unstealthy
A: no striking features
a: Renounce Religion


You were on level 5 of the Dungeon.
You worshipped Xom.
You were a toy of Xom.
You were not hungry.

You visited 1 branch of the dungeon, and saw 5 of its levels.

You collected 33 gold pieces.

Inventory:

Hand Weapons
 a - a +0 falchion of chaos (weapon)
Armour
 b - a +2 leather armour (worn)
 j - a cursed +0 shield (worn)
 m - a +0 ring mail
Jewellery
 d - a +5 ring of protection (left hand)
 h - a cursed ring of loudness {unknown}
Scrolls
 f - a scroll of fog {unknown}
 i - a scroll of random uselessness {unknown}
Potions
 k - a potion of haste {unknown}
 l - a potion of might {unknown}
Comestibles
 c - 2 bread rations
 g - 5 fruits


   Skills:
 + Level 4.0 Fighting
 + Level 4.2 Long Blades
 + Level 2.9 Armour
 + Level 2.4 Dodging
 + Level 1.2 Stealth


You had 5 spell levels left.
You didn't know any spells.

Dungeon Overview and Level Annotations

Branches:
Dungeon (5/15)
 Temple: D:4-7

Altars:


Message History

Something poisons you!
You barely miss something.
You feel sick.
Something stings you but does no damage.
You closely miss something.
You feel sick. Something stings you.
Something stings you but does no damage.
You closely miss something. Something stings you.
You barely miss something.
You feel sick. Something stings you.
Your shield and leather armour prevent you from hitting something.
You feel sick. Something stings you.
* * * LOW HITPOINT WARNING * * *
You are lethally poisoned!
Something poisons you!
You hit something.
* * * LOW HITPOINT WARNING * * *
You feel sick. You block something's attack.
It was a potion of resistance.
You feel protected.
* * * LOW HITPOINT WARNING * * *
You feel sick. Something stings you!
You die...

#.# #.# #.#
#.# #.# #.#
#.#
#.##########.#
#....{@......#
#.############


There were no monsters in sight!

Vanquished Creatures
  An ogre (D:4)
  An orc priest (D:3)
  A worker ant (D:5)
  2 adders
  3 worms (D:2)
  3 dart slugs
  A giant gecko (D:2)
  2 orcs (D:3)
  2 goblins
  A giant gecko skeleton (D:4)
  A giant newt (D:2)
  A rat (D:2)
19 creatures vanquished.

Vanquished Creatures (collateral kills)
  An adder (D:2)
1 creature vanquished.

Grand Total: 20 creatures vanquished

Notes
Turn   | Place    | Note
--------------------------------------------------------------
     0 | D:1      | Renko1984 the Human Chaos Knight began the quest for the Orb.
     0 | D:1      | Reached XP level 1. HP: 18/18 MP: 1/1
    98 | D:1      | You fall through a shaft!
   146 | D:2      | Reached XP level 2. HP: 24/24 MP: 2/2
   333 | D:2      | Reached XP level 3. HP: 27/29 MP: 3/3
   434 | D:3      | XOM: potion effect (berserk rage)
   437 | D:3      | Reached XP level 4. HP: 35/35 MP: 4/4
   519 | D:4      | Noticed an ogre
   520 | D:4      | XOM: potion effect (invisibility)
   526 | D:4      | XOM: potion effect (brilliance)
   547 | D:4      | Killed an ogre
   547 | D:4      | Reached skill level 1 in Stealth
   547 | D:4      | Reached XP level 5. HP: 18/42 MP: 5/5
   784 | D:5      | Entered Level 5 of the Dungeon
   954 | D:5      | Reached XP level 6. HP: 48/48 MP: 6/6
   984 | D:5      | Slain by a scorpion

Skill      XL: |  1  2  3  4  5 |
---------------+----------------+-----
Long Blades    | 4 |  4.2
Dodging        | 2 |  2.4
Stealth        | 1 |  1.2
Fighting       | 4 |  4.0
Armour         | |  2.9

Action                   |  1- 3 |  4- 6 || total
-------------------------+-------+-------++-------
Melee: Falchion          |    38 |    42 ||    80
  Use: Potion            |       |     2 ||     2
 Stab: Invisible         |       |     6 ||     6
  Eat: Bread ration      |       |     1 ||     1
Armor: Leather armour    |    10 |    22 ||    32
Dodge: Dodged            |    23 |    24 ||    47
Block: Shield            |       |     2 ||     2
